 Dungeon Crawl Stone Soup version 0.27-a0-1119-gbf574a6a6b (webtiles) character file.

Game seed: 3500858266641193047

14 Zeld the Skirmisher (level 2, -2/21 HPs)
             Began as an Octopode Fighter on May 2, 2021.
             Slain by a gnoll
             ... wielding a +0 club
              (3 damage)
             ... on level 2 of the Dungeon.
             The game lasted 00:00:32 (264 turns).

Zeld the Skirmisher (Octopode Fighter)               Turns: 264, Time: 00:00:33

Health: -2/21      AC:  1    Str: 15    XL:     2   Next: 41%
Magic:  2/2        EV: 11    Int: 10    God:
Gold:   27         SH:  8    Dex: 11    Spells: 1/1 levels left

rFire    . . .     SeeInvis +   a - +0 war axe
rCold    . . .     Faith    .   b - +0 kite shield
rNeg     . . .     Spirit   .   (helmet restricted)
rPois    .         Reflect  .   (no amulet)
rElec    .         Harm     .   e - ring of see invisible
rCorr    .         Rampage  .   (no ring)
Will     .....                  (no ring)
Stlth    ++........             (no ring)
HPRegen  0.07/turn              (no ring)
MPRegen  0.08/turn              (no ring)
                                (no ring)
                                (no ring)

@: no status effects
A: almost no armour, amphibious, 8 rings, camouflage 1, gelatinous body 1,
(nimble swimmer 1), tentacles
a: no special abilities


You were on level 2 of the Dungeon.
You visited 1 branch of the dungeon, and saw 2 of its levels.

You collected 27 gold pieces.

Inventory:

Hand Weapons
 a - a +0 war axe (weapon)
Armour
 b - a +0 kite shield (worn)
Jewellery
 e - a ring of see invisible (left tentacle)
Potions
 c - a potion of might
 d - a potion of attraction {unknown}


   Skills:
 * Level 3.2 Fighting
 * Level 2.3 Axes
 - Level 3.0 Dodging
 * Level 3.2 Shields


You had one spell level left.
You didn't know any spells.
Your spell library was empty.

Dungeon Overview and Level Annotations

Branches:
Dungeon (2/15)

Altars:


Innate Abilities, Weirdness & Mutations

You cannot wear most types of armour.
You are amphibious.
You can wear up to eight rings at the same time.
Your skin changes colour to match your surroundings (Stealth+).
Your rubbery body absorbs attacks. (AC +1, EV +1)
((You are camouflaged near water. (Stealth+)))
You have tentacles for arms and can constrict up to eight enemies at once.


Message History

The helpless goblin fails to defend itself.
You slash the goblin!
You kill the goblin!
A gnoll comes into view. It is wielding a +0 club.
The helpless endoplasm fails to defend itself.
You hit the endoplasm.
The endoplasm is almost dead.
The endoplasm closely misses you. The endoplasm freezes you.
You are frozen.
The gnoll shouts!
You hit the endoplasm.
You kill the endoplasm!
You block the gnoll's attack.
You slash the gnoll!
You kill the gnoll!
You have reached level 2!
A gnoll comes into view. It is wielding a +0 club.
The gnoll shouts!
The gnoll throws a throwing net.
You block the throwing net.
A gnoll comes into view. It is wielding a +0 flail.
You completely miss the gnoll.
The gnoll shouts!
Your grab misses the gnoll. The gnoll barely misses you.
You block the gnoll's attack.
You slash the gnoll! Your grab misses the gnoll.
The gnoll is severely wounded.
The gnoll hits you with a +0 club.
You hit the gnoll. Your grab misses the gnoll.
The gnoll is severely wounded.
The gnoll hits you with a +0 club!
* * * LOW HITPOINT WARNING * * *
The gnoll hits you with a +0 club.
* * * LOW HITPOINT WARNING * * *
You are too injured to fight recklessly!
Unknown command.
You see here a rat corpse.
There is a stone staircase leading up here.
The gnoll hits you with a +0 club.
You die...

## # ###.
#.##..
.####.#..# #
.........# .#
#.#..###..###
#...g@.......
####g......###
#.†......(.#
#.##.......#
#.########.[.
#g# .### ##.##
#
####..)######
#............


You could see 2 gnolls.

Vanquished Creatures
  A gnoll (D:2)
  An endoplasm (D:2)
  A goblin (D:2)
  A ball python (D:2)
  A rat (D:2)
5 creatures vanquished.

Vanquished Creatures (others)
  2 fungi (D:1)
2 creatures vanquished.

Grand Total: 7 creatures vanquished

Notes
Turn   | Place    | Note
-------+----------+-------------------------------------------
     0 | D:1      | Zeld the Octopode Fighter began the quest for the Orb.
     0 | D:1      | Reached XP level 1. HP: 16/16 MP: 1/1
   125 | D:1      | Found a faded altar of an unknown god.
   214 | D:2      | Reached XP level 2. HP: 16/21 MP: 2/2
   258 | D:2      | HP: 1/21 [gnoll/+0 club (3)]
   264 | D:2      | Slain by a gnoll

Illustrated notes

Levels and vault maps discovered:
D:1:      minmay_arrival_pointy, layout_basic, shapermc_ecumenical_altar_gd,
          chequers_avenue, minivault_11
D:2:      layout_loops_ring, uniq_sigmund, uniq_jessica

Action                   || total
-------------------------++-------
Melee: War axe           ||    11
       Constrict         ||     2
 Stab: Sleeping          ||     3
Dodge: Dodged            ||     4
Block: Kite shield       ||     4

Table legend: (Time is in decaauts)
 A = Elapsed time spent in this place.
 B = Non-inter-level travel time spent in this place.
 C = Inter-level travel time spent in this place.
 D = Time resting spent in this place.
 E = Time spent auto-exploring this place.
 F = Levels seen in this place.
 G = Mean time per level.
                   A        B        C        D        E       F      G
               +--------+--------+--------+--------+--------+-----+--------+
         Total |    270 |    246 |     24 |      0 |    176 |   2 |  135.0 |
       Dungeon |    270 |    246 |     24 |      0 |    176 |   2 |  135.0 |
               +--------+--------+--------+--------+--------+-----+--------+

Top non-repeatable levels by time:
     D:1: 139 daAuts
     D:2: 131 daAuts
